 Dungeon Crawl Stone Soup version 0.28.0-47-ge53b351184 (webtiles) character file.

Game seed: 10771326141599871279

291 pkoi the Gusty (level 5, -2/38 HPs)
             Began as a Demigod Air Elementalist on Apr 26, 2022.
             Slain by a scorpion (10 damage)
             ... on level 4 of the Dungeon.
             The game lasted 00:08:03 (5050 turns).

pkoi the Gusty (Demigod Air Elementalist)           Turns: 5050, Time: 00:08:04

Health: -2/38      AC:  0    Str:  9    XL:     5   Next: 83%
Magic:  3/11       EV: 12    Int: 21    God:
Gold:   164        SH:  0    Dex: 14    Spells: 3/9 levels left

rFire   . . .      SeeInvis .   l - +0 dagger (venom)
rCold   . . .      Faith    .   (no shield)
rNeg    . . .      Spirit   .   (no armour)
rPois   .          Reflect  .   (no helmet)
rElec   .          Harm     .   (no cloak)
rCorr   +          Rampage  .   (no gloves)
Will    .....                   (no boots)
Stlth   ++........              (no amulet)
HPRegen 0.12/turn               h - ring of wizardry
MPRegen 0.12/turn               o - ring of resist corrosion

@: lethally poisoned (-2 -> -9)
A: high MP 1, forlorn, divine attributes
a: no special abilities


You were on level 4 of the Dungeon.
You visited 1 branch of the dungeon, and saw 5 of its levels.

You collected 164 gold pieces.

Inventory:

Hand Weapons
 c - a +2 dagger of protection
 l - a +0 dagger of venom (weapon)
Missiles
 d - 5 boomerangs
 i - 3 throwing nets
Armour
 a - a +0 robe
 r - a +1 robe of willpower
Jewellery
 h - a ring of wizardry (left hand)
 o - a ring of resist corrosion (right hand)
Wands
 t - a wand of flame (10)
Scrolls
 e - a scroll of teleportation
 j - a scroll of blinking
 s - a scroll of torment
Potions
 b - a potion of lignification {unknown}
 f - a potion of resistance {unknown}
 g - a potion of haste
 k - a potion of heal wounds {unknown}
 q - a potion of magic {unknown}


   Skills:
 - Level 1.7 Dodging
 - Level 1.7 Stealth
 + Level 2.5 Spellcasting
 + Level 2.1 Conjurations
 * Level 5.4 Air Magic


You had 3 spell levels left.
You knew the following spells:

 Your Spells              Type           Power      Damage    Failure   Level
a - Shock                 Conj/Air       72%        1d7       1%          1
b - Static Discharge      Conj/Air       18%        N/A       1%          2
c - Swiftness             Air            25%        N/A       1%          3

Your spell library contained the following spells:

 Spells                   Type           Power      Damage    Failure   Level
 Airstrike                Air            12%        N/A       6%          4


Dungeon Overview and Level Annotations

Branches:
Dungeon (5/15)
 Temple: D:4-7

Shops:
D:1 :

Annotations:
D:3 3 runed translucent doors, Malificent's ghost, amateur DjWn


Innate Abilities, Weirdness & Mutations

You have an increased reservoir of magic. (+10% MP)
You shall have no god before yourself.
Your divine heritage dramatically boosts your attributes as you level up.


Message History

The scorpion is lightly wounded.
The zap misses the scorpion.
The zap hits the scorpion.
The scorpion is moderately wounded.
The zap hits the scorpion but does no damage.
The scorpion is moderately wounded.
The zap hits the scorpion.
The scorpion is moderately wounded.
The scorpion stings you!
* * * LOW HITPOINT WARNING * * *
The scorpion stings you.
* * * LOW HITPOINT WARNING * * *
There is an open door here.
Aiming: Shock (safe; 1% risk of failure)
Press: ? - help, Q - select action, (/) - cycle Shift-Dir - straight line, p - scorpion The zap misses the scorpion.
The zap hits the scorpion.
The scorpion is heavily wounded.
The scorpion stings you!
* * * LOW HITPOINT WARNING * * *
You are poisoned.
The scorpion poisons you!
Aiming: Shock (safe; 1% risk of failure)
Press: ? - help, Q - select action, (/) - cycle Shift-Dir - straight line The zap hits the scorpion but does no damage.
The scorpion is heavily wounded.
The zap hits the scorpion but does no damage.
The scorpion is heavily wounded.
You feel very sick. The scorpion stings you.
* * * LOW HITPOINT WARNING * * *
Aiming: Shock (safe; 1% risk of failure)
Press: ? - help, Q - select action, (/) - cycle Shift-Dir - straight line The zap hits the scorpion.
The scorpion is severely wounded.
The zap hits the scorpion but does no damage.
The scorpion is severely wounded.
* * * LOW HITPOINT WARNING * * *
You feel very sick. The scorpion stings you!
You die...

...##.##..##.##
...'..........#
...#..........+
...#..........#
...#..##.....##
...#..##.....#
...#..#...((.###+#####
...#..#..............# #
...#..####...##.@....# .+
...#..# #...####s#### ..#
...#... #....##....###...##.
...# #.....#.............
...# #.....#.............
...#######...##+######+####.
#....#..##...# #....#..#
#.......#


You could see a scorpion.

Vanquished Creatures
  An ogre (D:4)
  A hound (D:2)
  Jessica (D:3)
  An orc wizard (D:3)
  Robin (D:2)
  4 adders (D:2)
  A worm (D:2)
  2 dart slugs
  3 orcs (D:3)
  3 ball pythons (D:2)
  6 endoplasms
  2 giant cockroaches
  10 hobgoblins
  3 bats
  3 frilled lizards
  15 goblins
  8 kobolds
  8 rats
73 creatures vanquished.

Vanquished Creatures (others)
  6 plants
6 creatures vanquished.

Grand Total: 79 creatures vanquished

Notes
Turn   | Place    | Note
-------+----------+-------------------------------------------
     0 | D:1      | pkoi the Demigod Air Elementalist began the quest for the
                  | Orb.
     0 | D:1      | Reached XP level 1. HP: 14/14 MP: 5/5
   381 | D:1      | Reached skill level 3 in Air Magic
   494 | D:1      | Found Hyonuoh's Book Shop.
   655 | D:1      | Reached XP level 2. HP: 18/20 MP: 0/7
  1665 | D:2      | Reached XP level 3. HP: 12/26 MP: 1/8
  1667 | D:2      | Reached skill level 4 in Air Magic
  1997 | D:2      | Learned a level 3 spell: Swiftness
  2021 | D:2      | Reached skill level 1 in Conjurations
  2022 | D:2      | Reached XP level 4. HP: 22/33 MP: 2/9
  2837 | D:2      | Noticed Robin
  2847 | D:2      | Killed Robin
  3539 | D:3      | Found a runed translucent gate.
  3539 | D:3      | Found a runed translucent gate.
  3539 | D:3      | Found a runed translucent gate.
  3542 | D:3      | Noticed Malificent's ghost (amateur DjWn)
  3555 | D:3      | Learned a level 2 spell: Static Discharge
  3663 | D:3      | Reached skill level 5 in Air Magic
  3663 | D:3      | Reached XP level 5. HP: 36/38 MP: 2/11
  4050 | D:3      | Noticed Jessica
  4054 | D:3      | Killed Jessica
  4189 | D:3      | You fall into a shaft and drop 2 floors!
  4189 | D:5      | Entered Level 5 of the Dungeon
  4845 | D:4      | Noticed an ogre
  4856 | D:4      | Killed an ogre
  5050 | D:4      | Slain by a scorpion

Illustrated notes

Levels and vault maps discovered:
D:1:      dpeg_arrival_houses_and_road, layout_loops_corners, serial_shops, shop
D:2:      layout_basic, serial_bayou_pond_c, st_stairs_3, minmay_misc_feat_five,
          minmay_pentomino_t4, uniq_robin
D:3:      layout_loops_ring, dreamdust_ecumenical_altar_hidden_monk_grotto,
          gammafunk_ghost_necromancy, uniq_jessica
D:4:      layout_gridville, chequers_decorated_corner, chequers_jeans,
          nicolae_grassy_gnolls, uniq_duvessa
D:5:      layout_cave_pods, kennysheep_generic_room_11

Skill      XL: |  1  2  3  4  5 |
---------------+----------------+-----
Air Magic      | 3 4 5 |  5.4
Conjurations   | 1 2 |  2.1
Spellcasting   | 2 |  2.5
Dodging        | |  1.7
Stealth        | |  1.7

Action                   |  1- 3 |  4- 6 || total
-------------------------+-------+-------++-------
Melee: Dagger            |    15 |    19 ||    34
       Unarmed           |     1 |       ||     1
 Cast: Shock             |    58 |    83 ||   141
  Use: Scroll            |       |     8 ||     8
 Stab: Sleeping          |     1 |       ||     1
Armor: Robe              |     8 |     1 ||     9
Dodge: Dodged            |    27 |    14 ||    41
